AoeStats
← AlexAlmi

Arena

510268052Analyzed
1v1 RM · 2d ago on Sep 30, 2026· 49m 42s· 2 players
Game mode
Random Map
Map size
Tiny (2 player)
Population
200
Speed
Normal
Resources
Standard
Victory
Conquest
Starting age
Dark Age
Ending age
Imperial Age
RankedLock teamsTeams togetherTeam positionsShared explorationLock speedFull tech treeHidden civsTurbo modeCheats
Victory
Defeat
🇨🇳 Franks · China
803
+15
🇪🇸 Franks · Spain
776
-15
AlexAlmi
11:09 Feudal Age
16:29 Castle Age
21:30 Double-Bit Axe
23:18 Stone Mining
25:47 Gold Mining
26:54 Wheelbarrow
26:08 Loom
26:35 Scale Barding Armor
26:55 Husbandry
27:26 Forging
31:05 Imperial Age
30:47 Gold Shaft Mining
30:41 Chain Barding Armor
30:57 Iron Casting
30:50 Town Watch
32:14 Conscription
31:17 Cavalier
32:41 Plate Barding Armor
33:33 Chemistry
37:34 Blast Furnace
41:07 Ballistics
46:00 Arrowslits
47:31 Light Cavalry
咩咩子
11:01 Feudal Age
13:42 Wheelbarrow
15:10 Castle Age
13:28 Double-Bit Axe
16:22 Bow Saw
21:30 Wheelbarrow
22:47 Gold Mining
24:13 Gold Shaft Mining
24:11 Stone Mining
26:14 Hand Cart
26:59 Loom
26:59 Town Watch
28:31 Scale Barding Armor
29:15 Forging
29:37 Chain Barding Armor
29:58 Masonry
29:59 Fortified Wall
30:11 Ballistics
32:34 Imperial Age
30:07 Town Patrol
31:26 Iron Casting
31:11 Husbandry
30:36 Light Cavalry
31:55 Murder Holes
31:46 Treadmill Crane
32:56 Cavalier
33:00 Capped Ram
34:24 Paladin
35:26 Conscription
35:07 Chivalry
37:15 Plate Barding Armor
37:42 Blast Furnace
36:50 Scale Mail Armor
36:18 Pikeman
36:59 Squires
36:48 Gambesons
38:03 Fletching
39:17 Chemistry
41:25 Bodkin Arrow
41:49 Chain Mail Armor
42:55 Siege Engineers
43:21 Architecture
43:25 Plate Mail Armor
42:50 Halberdier
Connection lost

Rejoining the realm…

Still unreachable

The connection could not be restored.

Session expired

The server has moved on; the page needs a fresh start.